AoeStats
← Chris

Nomad

506563348Analyzed
4v4 RM · 19d ago on Sep 14, 2026· 42m 3s· 8 players
Game mode
Random Map
Map size
231×231
Population
200
Speed
Normal
Resources
Standard
Victory
Conquest
Starting age
Dark Age
Ending age
Imperial Age
RankedLock teamsTeams togetherTeam positionsShared explorationLock speedFull tech treeHidden civsTurbo modeCheats
Victory
Defeat
🇲🇽 Armenians · Mexico
1442
+13
🇺🇸 Persians · United States
1425
+13
🇨🇦 Malians · Canada
1389
+15
🇺🇸 Chinese · United States
1388
+15
🇦🇷 Spanish · Argentina
1427
-17
🇦🇷 Burmese · Argentina
1347
-13
🇨🇦 Burgundians · Canada
1338
-13
🇲🇽 Italians · Mexico
1336
-13
edengr7
4:15 Loom
5:03 Loom
16:20 Feudal Age
20:14 Castle Age
18:17 Double-Bit Axe
19:04 Town Watch
19:13 Stone Mining
19:42 Fletching
19:50 Fishing Lines
21:27 Bodkin Arrow
23:48 Bow Saw
23:38 Gold Mining
24:53 Padded Archer Armor
27:16 Leather Archer Armor
31:02 Gillnets
34:17 Imperial Age
33:44 Horse Collar
35:45 Bracer
36:37 Ballistics
36:01 Elite Composite Bowman
37:06 Conscription
37:56 Chemistry
37:59 Ring Archer Armor
39:11 Gold Shaft Mining
39:13 Wheelbarrow
38:32 Pikeman
39:37 Scale Mail Armor
39:47 Forging
39:00 Halberdier
41:29 Chain Mail Armor
41:50 Iron Casting
41:06 Man-at-Arms
41:33 Gambesons
41:49 Squires
41:34 Arson
SkinnyPig
4:59 Loom
13:14 Feudal Age
17:35 Castle Age
28:31 Fletching
30:23 Wheelbarrow
29:50 Horse Collar
30:15 Double-Bit Axe
36:51 Imperial Age
35:19 Bow Saw
35:10 Gold Mining
35:58 Hand Cart
37:11 Scale Barding Armor
37:16 Forging
38:22 Chain Barding Armor
38:56 Bloodlines
38:46 Husbandry
38:12 Cavalier
39:59 Iron Casting
39:40 Town Watch
40:38 Plate Barding Armor
42:29 Farimba
Chris
3:10 Loom
15:23 Feudal Age
15:59 Double-Bit Axe
15:43 Man-at-Arms
17:14 Arson
18:04 Town Watch
18:54 Wheelbarrow
19:33 Gold Mining
21:19 Scale Mail Armor
21:57 Horse Collar
26:06 Fletching
27:03 Fletching
30:11 Castle Age
31:07 Bow Saw
30:21 Pikeman
31:22 Chain Mail Armor
35:12 Heavy Plow
36:26 Padded Archer Armor
36:41 Bodkin Arrow
39:06 Guard Tower
41:10 Masonry
41:56 Gold Shaft Mining
mickeymouse
6:04 Loom
9:54 Loom
12:11 Feudal Age
12:34 Double-Bit Axe
19:42 Castle Age
18:49 Gold Mining
20:36 Bow Saw
20:10 Horse Collar
25:16 Town Watch
27:44 Wheelbarrow
27:45 Scale Barding Armor
33:04 Imperial Age
30:59 Chain Barding Armor
31:38 Bloodlines
33:03 Forging
34:15 Plate Barding Armor
34:10 Husbandry
35:12 Conscription
34:31 Cavalier
36:46 Iron Casting
38:23 Hand Cart
39:09 Two-Man Saw
40:07 Blast Furnace
38:58 Pikeman
40:05 Masonry
40:00 Heavy Plow
40:32 Light Cavalry
41:51 Savar
EsoTilinsito283
11:40 Loom
15:35 Feudal Age
16:11 Double-Bit Axe
25:45 Castle Age
23:36 Fletching
26:04 Fishing Lines
26:39 Bodkin Arrow
27:41 Stone Mining
27:42 Gold Mining
28:49 Gillnets
30:32 Bow Saw
38:05 Imperial Age
36:16 Padded Archer Armor
39:39 Leather Archer Armor
200_Darth Vader_Arg
5:01 Loom
14:18 Feudal Age
18:23 Castle Age
16:57 Double-Bit Axe
24:54 Padded Archer Armor
26:17 Fletching
26:54 Stone Mining
27:06 Stone Mining
Amazon Shopping
14:40 Feudal Age
12:55 Fishing Lines
13:58 Horse Collar
14:06 Double-Bit Axe
17:13 Loom
21:12 Castle Age
19:36 Heavy Plow
20:21 Bow Saw
22:42 Cavalier
24:19 Forging
27:20 Gold Mining
28:17 Scale Barding Armor
30:15 Gold Shaft Mining
33:00 Husbandry
33:45 Wheelbarrow
37:43 Imperial Age
35:50 Hand Cart
36:06 Stone Mining
36:44 Chain Barding Armor
38:03 Iron Casting
38:09 Paladin
39:54 Blast Furnace
40:25 Conscription
41:55 Stone Shaft Mining
c_Roi
13:26 Feudal Age
13:20 Loom
17:27 Castle Age
17:00 Scale Barding Armor
19:28 Bloodlines
20:00 Horse Collar
25:08 Husbandry
25:42 Forging
30:42 Heavy Plow
34:24 Wheelbarrow
36:35 Stone Mining
36:37 Gold Mining
38:59 Hand Cart
41:46 Imperial Age
40:00 Iron Casting
39:44 Manipur Cavalry
41:57 Gold Shaft Mining
Connection lost

Rejoining the realm…

Still unreachable

The connection could not be restored.

Session expired

The server has moved on; the page needs a fresh start.